 Dungeon Crawl Stone Soup version 0.30-a0-772-g5528072125 (webtiles) character file.

Game seed: 17072830291702230689

13463 holysushi the Spry (level 12, -2/117 HPs)
             Began as a Merfolk Gladiator on Feb 12, 2023.
             Was an Elder of Okawaru.
             Slain by a cyclops (11 damage)
             ... on level 9 of the Dungeon.
             The game lasted 00:14:47 (9855 turns).

holysushi the Spry (Merfolk Gladiator)              Turns: 9855, Time: 00:14:47

Health: -2/117     AC:  9    Str: 14    XL:     12   Next: 6%
Magic:  12/17      EV: 31    Int:  8    God:    Okawaru [****..]
Gold:   85         SH:  5    Dex: 20    Spells: 11/11 levels left

rFire   . . .      SeeInvis .    p - +3 halberd
rCold   . . .      Faith    .    (shield currently unavailable)
rNeg    + . .      Spirit   .    i - +1 leather armour {rN+}
rPois   +          Reflect  +    c - +1 helmet
rElec   .          Harm     .    H - +0 cloak {Stlth+}
rCorr   .          Rampage  .    h - +0 pair of gloves
Will    .....                    t - +0 pair of boots Stlth
                                 k - amulet of reflection
HPRegen 0.39/turn                d - +5 ring of evasion
MPRegen 0.15/turn                g - ring of poison resistance

@: berserking (expiring), invisible, very quick
A: (nimble swimmer 2), mertail
a: Renounce Religion, Heroism, Finesse


You were on level 9 of the Dungeon.
You worshipped Okawaru.
Okawaru was greatly pleased with you.
You visited 2 branches of the dungeon, and saw 10 of its levels.
You also visited: Sewer.

You collected 471 gold pieces.
You spent 386 gold pieces at shops.

Inventory:

Hand Weapons
 a - a +1 trident
 p - a +3 halberd (weapon)
Missiles
 e - 2 boomerangs (quivered)
Armour
 b - a +0 leather armour
 c - a +1 helmet (worn)
 h - a +0 pair of gloves (worn)
 i - a +1 leather armour of positive energy (worn)
 t - a +0 pair of boots (worn)
 G - the +3 hat of Pondering {ponderous, Will+ MP+10 Int+5}
   (You took it off Gastronok on level 9 of the Dungeon)

   Int:       It affects your intelligence (+5).
   MP:        It affects your magic capacity (+10).
   Will:      It increases your willpower.
 H - a +0 cloak of stealth (worn)
Jewellery
 d - a +5 ring of evasion (left hand)
 g - a ring of poison resistance (right hand)
 k - an amulet of reflection (around neck)
Wands
 o - a wand of flame (2)
 y - a wand of mindburst (4)
 C - a wand of iceblast (5)
Scrolls
 n - a scroll of blinking
 u - 2 scrolls of poison
 v - 3 scrolls of teleportation
 x - a scroll of enchant armour
 B - a scroll of magic mapping
 D - a scroll of identify
Potions
 f - 5 potions of curing
 j - 5 potions of degeneration
 l - 2 potions of might
 m - a potion of invisibility
 q - 2 potions of ambrosia
 r - 6 potions of flight
 w - a potion of magic
 z - a potion of brilliance {unknown}
 A - 4 potions of cancellation {unknown}
 F - a potion of lignification {unknown}


   Skills:
 - Level 2.1 Fighting
 - Level 17.8 Polearms
 - Level 2.0 Throwing
 - Level 19.7 Dodging
 + Level 7.2 Invocations


You had 11 spell levels left.
You didn't know any spells.
Your spell library was empty.

Dungeon Overview and Level Annotations

Branches:
Dungeon (9/15) Zot: 26221  Temple (1/1) D:5 Zot: 5792    Lair (0/5) D:9
  Sewer (visited)
    Orc: D:9-12

Altars:
Cheibriados
Dithmenos
Elyvilon
Fedhas
Gozag
Hepliaklqana
Kikubaaqudgha
Makhleb
Nemelex Xobeh
Okawaru
Qazlal
Ru
Sif Muna
Trog
Vehumet
Xom
Yredelemnul
Zin
The Shining One

Shops:
D:6 **   D:7 [

Annotations:
D:6 1 runed translucent door, Crazy Yiuf


Innate Abilities, Weirdness & Mutations

((You are very nimble when in or above water. (Stealth+, EV+, Speed+++)))
Your lower body shifts to a powerful aquatic tail in water.


Message History

You block the tengu warrior's attack.
The tengu warrior pecks you but does no damage.
The tengu warrior misses you.
A red film seems to cover your vision as you go berserk!
Your finesse ends abruptly.
You feel yourself moving faster!
You feel mighty!
The tengu warrior completely misses you. x3
You catch the helpless tengu warrior completely off-guard!
You puncture the tengu warrior!
The tengu warrior is severely wounded.
The cyclops throws a large rock.
The large rock hits the tengu warrior!
You miss the tengu warrior.
The tengu warrior is almost dead.
The tengu warrior misses you. You block the tengu warrior's attack.
The tengu warrior claws you.
* * * LOW HITPOINT WARNING * * *
You barely miss the tengu warrior.
The tengu warrior is almost dead.
You miss the tengu warrior.
The tengu warrior is almost dead.
The tengu warrior completely misses you. x2
The tengu warrior closely misses you.
The cyclops throws a large rock.
You slash the tengu warrior!
You kill the tengu warrior!
Okawaru accepts your kill.
Your Invocations skill increases to level 7!
You closely miss something. You miss something.
You feel like a meek peon again.
You hear some strange, mumbled words.
A fireball appears from out of thin air!
The fireball explodes!
The fireball engulfs you!!
* * * LOW HITPOINT WARNING * * *
The fireball engulfs something!!
Reactivating autopickup.
You hear a shout!
Items here: )) [[ †.
You slash the cyclops!
The cyclops is moderately wounded.
The cyclops hits you!
You die...

######### ... .....
#### #.. ..... #..
#.. ..... #.######
#.####### #o'....#
#........ #.#o...#
#........ #C# pC.#
#........ #@# ..+
#.#######
#.######.#.#
#........#.#######
#.##'#######........
#.............######
####..........#
############


You could see a cyclops (unable to see you) and an orc wizard (unable to see
you).

Vanquished Creatures
  Gastronok (D:9)
  A tengu warrior (D:9)
  A two-headed ogre (D:9)
  Pikel (D:7)
  Joseph (D:9)
  Maurice (D:9)
  2 trolls (D:6)
  Grinder (D:6)
  Prince Ribbit (D:9)
  A wraith (D:6)
  A human (D:8)
  2 steam dragons (D:8)
  Edmund (D:4)
  Duvessa (D:5)
  5 water moccasins
  3 ice beasts
  2 orc warriors
  2 sky beasts
  A black bear (D:5)
  An ogre (D:4)
  3 centaurs
  A phantom (D:5)
  2 kobold brigands (D:8)
  2 bullfrogs (D:6)
  3 gnoll sergeants
  2 scorpions (D:5)
  8 wights
  Dowan (D:5)
  A killer bee (D:9)
  8 hounds
  6 orc priests
  4 jellies
  Terence (D:2)
  An iguana (D:6)
  11 orc wizards
  Natasha (thrice) (D:4)
  14 adders
  10 gnolls
  4 river rats (Sewer)
  2 white imps
  An ufetubus (D:7)
  3 worms
  4 dart slugs
  35 orcs
  15 ball pythons
  7 endoplasms
  11 giant cockroaches
  6 goblins
  7 hobgoblins
  7 jackals
  12 kobolds
  8 quokkas
  17 bats
  5 frilled lizards
  A goblin zombie (D:8)
  A jackal zombie (D:8)
  2 rats (D:1)
259 creatures vanquished.

Vanquished Creatures (others)
  A wizard (D:9)
1 creature vanquished.

Grand Total: 260 creatures vanquished

Notes
Turn   | Place    | Note
-------+----------+-------------------------------------------
     0 | D:1      | holysushi the Merfolk Gladiator began the quest for the
                  | Orb.
     0 | D:1      | Reached XP level 1. HP: 16/16 MP: 1/1
    80 | D:1      | Reached XP level 2. HP: 22/22 MP: 2/2
   174 | D:1      | Reached skill level 5 in Polearms
   215 | D:1      | HP: 1/22 [endoplasm (2)]
   340 | D:1      | Reached XP level 3. HP: 27/27 MP: 3/3
   914 | D:2      | Noticed Terence
   933 | D:2      | Killed Terence
   934 | D:2      | Reached XP level 4. HP: 30/33 MP: 4/4
  1590 | D:3      | Found a faded altar of an unknown god.
  1837 | D:3      | Found a radiant altar of Vehumet.
  1980 | D:3      | Found a white marble altar of Elyvilon.
  1980 | D:3      | Found an iron altar of Okawaru.
  2198 | D:3      | Reached XP level 5. HP: 16/38 MP: 5/5
  2473 | D:4      | Found a glowing drain.
  2477 | Sewer    | Entered a sewer
  2492 | Sewer    | Reached skill level 5 in Dodging
  2748 | Sewer    | Reached XP level 6. HP: 41/41 MP: 6/6
  3149 | Sewer    | Identified a scroll of acquirement
  3149 | Sewer    | Acquired a manual of Dodging
  3256 | D:4      | Reached skill level 6 in Dodging
  3519 | D:4      | Noticed Edmund
  3537 | D:4      | Killed Edmund
  3538 | D:4      | Reached skill level 7 in Dodging
  3538 | D:4      | Reached XP level 7. HP: 46/50 MP: 7/7
  3546 | D:4      | Noticed Natasha
  3555 | D:4      | Killed Natasha
  3660 | D:4      | Reached skill level 8 in Dodging
  4175 | D:4      | Noticed Natasha
  4180 | D:4      | Killed Natasha
  4263 | D:4      | Noticed Natasha
  4268 | D:4      | Killed Natasha
  4480 | D:5      | Entered Level 5 of the Dungeon
  4521 | D:5      | Reached skill level 9 in Dodging
  4574 | D:5      | Reached XP level 8. HP: 55/56 MP: 8/8
  4661 | D:5      | Reached skill level 10 in Polearms
  4661 | D:5      | Reached skill level 10 in Dodging
  4665 | D:5      | Found a staircase to the Ecumenical Temple.
  4682 | Temple   | Entered the Ecumenical Temple
  4981 | D:3      | Became a worshipper of Warmaster Okawaru
  5055 | D:5      | Noticed Duvessa
  5056 | D:5      | Noticed Dowan
  5085 | D:5      | Killed Duvessa
  5094 | D:5      | Killed Dowan
  5451 | D:5      | Reached * piety under Okawaru
  5579 | D:5      | Identified the +3 ring mail of Instinct {Will+}
  5913 | D:6      | Noticed a wraith
  6112 | D:6      | Killed a wraith
  6113 | D:6      | Reached skill level 1 in Invocations
  6113 | D:6      | Reached XP level 9. HP: 44/61 MP: 8/10
  6460 | D:6      | Reached ** piety under Okawaru
  6463 | D:6      | Noticed Grinder
  6473 | D:6      | Killed Grinder
  6483 | D:6      | Reached skill level 11 in Dodging
  6513 | D:6      | Found Jaloentef's Assorted Antiques.
  6518 | D:6      | Found Yfo Inet's Assorted Antiques.
  6524 | D:6      | Bought a scroll labelled MUAHE YSHRUTTA for 20 gold pieces
  6524 | D:6      | Bought a fizzy dark potion for 18 gold pieces
  6801 | D:6      | Noticed a troll
  6815 | D:6      | Killed a troll
  6922 | D:6      | Found a runed translucent door.
  6923 | D:6      | Noticed Crazy Yiuf
  6959 | D:6      | Found a glowing silver altar of Zin.
  7011 | D:6      | Noticed a troll
  7028 | D:6      | Killed a troll
  7029 | D:6      | Reached skill level 12 in Dodging
  7343 | D:6      | Reached skill level 13 in Dodging
  7377 | D:6      | Reached XP level 10. HP: 57/67 MP: 12/12
  7385 | D:6      | Bought a crooked copper wand for 108 gold pieces
  7568 | D:7      | Reached *** piety under Okawaru
  7569 | D:7      | Reached skill level 15 in Polearms
  7578 | D:7      | Found a shimmering altar of Xom.
  7728 | D:7      | Noticed Pikel
  7755 | D:7      | Killed Pikel
  7756 | D:7      | Reached skill level 14 in Dodging
  7791 | D:7      | Found Hudyno's Antique Armour Shop.
  8220 | D:7      | Received a gift from Okawaru
  8283 | D:7      | Reached skill level 15 in Dodging
  8439 | D:7      | Reached skill level 18 in Dodging
  8439 | D:7      | Reached XP level 11. HP: 72/72 MP: 13/13
  8500 | D:8      | Reached skill level 19 in Dodging
  8734 | D:8      | Found a runed translucent door.
  8736 | D:8      | Found a basalt altar of Yredelemnul.
  8771 | D:8      | Reached **** piety under Okawaru
  9036 | D:9      | Noticed a two-headed ogre
  9042 | D:9      | Killed a two-headed ogre
  9056 | D:9      | Found a staircase to the Lair.
  9056 | D:9      | Noticed a death yak
  9056 | D:9      | Noticed a death yak
  9057 | D:9      | Noticed a death yak
  9057 | D:9      | Noticed a death yak
  9057 | D:9      | Noticed a death yak
  9058 | D:9      | Noticed a death yak
  9060 | D:9      | Noticed a death yak
  9347 | D:9      | Noticed Gastronok
  9373 | D:9      | Killed Gastronok
  9374 | D:9      | Reached skill level 5 in Invocations
  9461 | D:9      | Noticed Joseph
  9462 | D:9      | Noticed Maurice
  9473 | D:9      | Paralysed by Maurice for 4 turns
  9484 | D:9      | Killed Joseph
  9532 | D:9      | Killed Maurice
  9624 | D:7      | Bought a runed cloak for 240 gold pieces
  9765 | D:9      | Noticed Prince Ribbit
  9776 | D:9      | Killed Prince Ribbit
  9777 | D:9      | Reached XP level 12. HP: 78/78 MP: 15/17
  9816 | D:9      | Noticed a tengu warrior
  9851 | D:9      | Killed a tengu warrior
  9855 | D:9      | Slain by a cyclops

Illustrated notes

Levels and vault maps discovered:
D:1:      nicolae_arrival_washed_ashore, layout_rooms, st_stairs_5,
          minmay_misc_feat_pillars
D:2:      layout_loops_corners, minmay_worlds_worst_comb, uniq_terence
D:3:      layout_rooms, mainiacjoe_overflow_24_doors,
          gammafunk_temple_overflow_pools, ebering_ecumenical_altar_hall,
          wad_orctagon
D:4:      layout_rooms, gup_sewer_entry_spiral, uniq_natasha, uniq_edmund
D:5:      layout_basic, minmay_temple_entry_stoned_glass, uniq_duvessa
D:6:      layout_rooms, kennysheep_little_box, serial_shops,
          nicolae_inconvenience_store, shop, minmay_fractal_squares_diagonal_5,
          uniq_crazy_yiuf_cottage, uniq_grinder
D:7:      layout_rooms, mainiacjoe_overflow_concentric_impassable, serial_shops,
          shop, uniq_pikel
D:8:      lemuel_ice_spiral_2, layout_rooms, dk_yredelemnul_ordeal
D:9:      minmay_evil_eye, layout_long_grid, dpeg_lair_monsters,
          minivault_25_ag, uniq_gastronok, uniq_joseph, uniq_maurice,
          uniq_prince_ribbit1
Temple:   compressed_dpeg_triangle_lava_temple

Skill      XL: |  1  2  3  4  5  6  7  8  9 10 11 12 |
---------------+-------------------------------------+-----
Polearms       | 5 6 7 8 9 13 14 17 | 17.8
Dodging        | 5 7 9 10 13 18 19 | 19.7
Invocations    | 1 3 6 7 |  7.2
Fighting       | |  2.1
Throwing       | |  2.0

Action                     |  1- 3 |  4- 6 |  7- 9 | 10-12 || total
---------------------------+-------+-------+-------+-------++-------
  Melee: Trident           |    98 |   391 |   414 |       ||   903
         Punch             |       |     2 |     5 |       ||     7
         Tailslap          |       |     8 |       |       ||     8
         Halberd           |       |       |    19 |   323 ||   342
 Invoke: Heroism           |       |       |     4 |     2 ||     6
         Finesse           |       |       |       |     1 ||     1
  Evoke: Wand              |       |       |    11 |       ||    11
    Use: Scroll            |       |    17 |     5 |     5 ||    27
         Potion            |       |     1 |     1 |     5 ||     7
   Stab: Sleeping          |     2 |    10 |     3 |     3 ||    18
         Distracted        |       |     1 |       |       ||     1
         Invisible         |       |       |       |     1 ||     1
 Armour: Leather armour    |    18 |    84 |    32 |    33 ||   167
  Dodge: Dodged            |    95 |   352 |   251 |   206 ||   904
  Block: Other             |       |       |    42 |    36 ||    78
         Reflection        |       |       |       |     4 ||     4

Table legend: (Time is in decaauts)
 A = Elapsed time spent in this place.
 B = Non-inter-level travel time spent in this place.
 C = Inter-level travel time spent in this place.
 D = Time resting spent in this place.
 E = Time spent auto-exploring this place.
 F = Levels seen in this place.
 G = Mean time per level.
                   A        B        C        D        E       F      G
               +--------+--------+--------+--------+--------+-----+--------+
         Total |   9491 |   8971 |    520 |   1218 |   5381 |  11 |  862.8 |
       Dungeon |   8694 |   8184 |    510 |   1185 |   4875 |   9 |  966.0 |
        Temple |    207 |    197 |     10 |      0 |    189 |   1 |  207.0 |
         Sewer |    590 |    590 |      0 |     33 |    316 |   1 |  590.0 |
               +--------+--------+--------+--------+--------+-----+--------+

Top non-repeatable levels by time:
     D:6: 1585 daAuts
     D:4: 1484 daAuts
     D:5: 1271 daAuts
     D:2: 860 daAuts
     D:3: 851 daAuts
     D:7: 758 daAuts
     D:9: 662 daAuts
     D:1: 617 daAuts
     D:8: 603 daAuts
   Sewer: 590 daAuts
  Temple: 207 daAuts
